 Seeded DCSS version 0.28-a0-1080-g05a166d0ed (webtiles) character file.

Game seed: 20211210 (custom seed)

74602 a11behringer the Bludgeoner (level 15, -8/128 HPs)
             Began as a Palentonga Berserker on Dec 10, 2021.
             Was an Elder of Trog.
             Mangled by a slime creature (13 damage)
             ... on level 14 of the Dungeon.
             The game lasted 01:18:09 (27291 turns).

a11behringer the Bludgeoner (Palentonga Berserker) Turns: 27291, Time: 01:18:11

Health: -8/128     AC: 33    Str: 27    XL:     15   Next: 7%
Magic:  15/15      EV:  8    Int:  8    God:    Trog [****..]
Gold:   184        SH:  8    Dex: 10    Spells: 14/14 levels left

rFire   . . .      SeeInvis +   c - +4 whip (freeze)
rCold   + . .      Faith    .   m - +2 buckler
rNeg    . . .      Spirit   .   o - +4 plate armour {rC+}
rPois   .          Reflect  .   f - +1 helmet
rElec   .          Harm     .   R - +0 cloak
rCorr   .          Rampage  .   G - +1 pair of gloves
Will    +....                   (no barding)
Stlth   ..........              (no amulet)
HPRegen 0.31/turn               l - +4 ring of protection
MPRegen 0.14/turn               F - +4 ring of protection

@: lethally poisoned (-8 -> -36), about to teleport, on berserk cooldown,
slowed, studying Axes, curled up, very slow
A: large, rugged brown scales 3, see invisible, deformed body, roll 1, armoured
tail, reflexive curl, stinger 1, talons 1
a: Rolling Charge, Renounce Religion, Berserk, Trog's Hand, Brothers in Arms


You were on level 14 of the Dungeon.
You worshipped Trog.
Trog was greatly pleased with you.
You visited 3 branches of the dungeon, and saw 21 of its levels.

You collected 3070 gold pieces.
You spent 2886 gold pieces at shops.

Inventory:

Hand Weapons
 c - a +4 whip of freezing (weapon)
 k - a +3 dire flail of protection
 q - a +5 falchion of venom
 u - a +0 hand crossbow
 A - a +1 battleaxe of flaming
 Z - a +0 arbalest
Missiles
 n - 6 curare-tipped darts
 y - 7 throwing nets
 N - 110 bolts
Armour
 f - a +1 helmet (worn)
 m - a +2 buckler (worn)
 o - a +4 plate armour of cold resistance (worn)
 r - a +2 robe of willpower
 x - the +2 plate armour of the Trees {rCorr Stlth+}
   (You found it on level 13 of the Dungeon)

   rCorr:     It protects you from acid and corrosion.
   Stlth:     It makes you more stealthy.
 G - a +1 pair of gloves (worn)
 I - a +1 ring mail of fire resistance
 J - the +1 swamp dragon scales "Iwomn" {Fly rPois rC++ rN+ Slay-3}
   (You bought it in a shop on level 4 of the Dungeon)

   Slay:      It affects your accuracy & damage with ranged weapons and melee
   (-3).
   rC:        It greatly protects you from cold.
   rPois:     It protects you from poison.
   rN:        It protects you from negative energy.
   Fly:       It grants you flight.
 P - a +0 troll leather armour
 R - a +0 cloak (worn)
Jewellery
 l - a +4 ring of protection (left hand)
 F - a +4 ring of protection (right hand)
 Q - a ring of protection from fire
Wands
 b - a wand of digging (2)
 j - a wand of mindburst (9)
 v - a wand of charming (12)
 B - a wand of flame (34)
 O - a wand of iceblast (1)
 W - a wand of paralysis (6)
Scrolls
 i - 3 scrolls of holy word
 t - a scroll of blinking
 w - a scroll of enchant weapon
 z - 2 scrolls of silence
 C - 3 scrolls of immolation
 E - 3 scrolls of fear
 K - 2 scrolls of identify
 M - 3 scrolls of enchant armour
Potions
 d - 3 potions of attraction
 g - 4 potions of might
 h - 6 potions of curing
 p - 3 potions of magic
 s - a potion of heal wounds
 D - a potion of haste
 H - a potion of flight
 X - 2 potions of cancellation
Miscellaneous
 a - a condenser vane
 e - a piece from Xom's chessboard (15/15)
 S - a lightning rod (4/4)


   Skills:
 + Level 12.1 Fighting
 * Level 16.3 Maces & Flails
 + Level 2.6 Armour
 + Level 11.3 Dodging
 - Level 1.0 Stealth
 + Level 10.4 Shields
 * Level 3.7 Evocations


You had 14 spell levels left.
You didn't know any spells.
Your spell library was empty.

Dungeon Overview and Level Annotations

Branches:
Dungeon (14/15)            Temple (0/1) D:7            Lair (5/6) D:9
 Shoals (0/4) Lair:3        Snake (0/4) Lair:4          Orc (2/2) D:12
    Elf (0/3) Orc:2
  Slime: Lair:5-6    Vaults: D:13-14

Altars:
Fedhas
Makhleb
Okawaru
Trog
Zin
Beogh

Shops:
D:4 :*[   D:13 [   Orc:2 [?(*

Annotations:
Lair:3 exclusion: oklob plant
Orc:1 2 transporters


Innate Abilities, Weirdness & Mutations

You are completely covered in rugged brown scales. (AC +3, +7% HP)
You have supernaturally acute eyesight. (SInv)
Armour fits poorly on your strangely shaped body.
You can roll at nearby foes to attack.
You have a long armoured tail.
You curl defensively after being hit. (AC +7*)
Your tail ends in a venomous barb.
You have sharp toenails.


Message History

You are more poisoned.
The skeletal warrior hits you with a +0 war axe.
You closely miss the skeletal warrior.
The skeletal warrior is lightly damaged.
You feel sick.
You whack the skeletal warrior! You freeze the skeletal warrior.
You claw the skeletal warrior, but do no damage.
The skeletal warrior is moderately damaged.
You feel sick. You block the kobold's attack.
You closely miss the skeletal warrior.
The skeletal warrior is moderately damaged.
You are no longer berserk.
You are exhausted.
You feel yourself slow down.
You feel sick.
The slime creature hits you but does no damage.
The skeletal warrior hits you from afar with a +0 halberd!
The kobold barely misses you.
The kobold brigand hits you but does no damage.
You block the death knight's attack.
You block the skeletal warrior's attack.
The boulder beetle curls into a ball and begins rolling!
You completely miss the skeletal warrior.
You claw the skeletal warrior, but do no damage.
Your tail-slap misses the skeletal warrior.
The skeletal warrior is moderately damaged.
You feel sick. You block the kobold's attack. The slime creature hits you.
The skeletal warrior hits you but does no damage.
The kobold brigand hits you with a +0 short sword.
The kobold hits you but does no damage.
The death knight hits you from afar with a +3 halberd of venom!
* * * LOW HITPOINT WARNING * * *
You are lethally poisoned!
As you read the scroll of teleportation, it crumbles to dust.
You feel strangely unstable.
* * * LOW HITPOINT WARNING * * *
You feel extremely sick.
The skeletal warrior hits you with a +0 war axe!
* * * LOW HITPOINT WARNING * * *
The kobold hits you but does no damage. The slime creature hits you!
You die...

#.........(.#
#...........#
#...........#
..(.........#
............#
............#
#...○..)KK.######
#....○B)J@.......
#.......Kzz......
#.......zp.......
#................
#................
#............$...
#.(..............
#...........?..}.


You could see a death knight, a boulder beetle (rolling, poisoned), 3 skeletal
warriors, a slime creature, a kobold brigand and 2 kobolds.

Vanquished Creatures
  An orc warlord (Orc:1)
  The ghost of Pooter the Cleaver, a journeyman MiMo of Okawaru (D:10)
  Harold (D:8)
  Josephine (D:11)
  2 boulder beetles
  9 hydras
  4 ogre magi (Orc:2)
  21 two-headed ogres
  4 death yaks (Lair:4)
  A centaur warrior (D:12)
  A catoblepas (D:10)
  A tengu warrior (D:13)
  5 skeletal warriors (D:12)
  Pikel (D:4)
  An orc knight (Orc:1)
  A harpy (shapeshifter) (D:8)
  An ugly thing (D:13)
  2 deep elf pyromancers (D:13)
  2 manticores (D:12)
  A cyclops (D:12)
  An oklob plant (Lair:1)
  11 black mambas
  11 elephants
  A centaur zombie (D:11)
  9 cane toads
  A torpor snail (Lair:3)
  A gargoyle (D:13)
  A kobold demonologist (D:14)
  An unseen horror (D:12)
  A yaktaur (D:12)
  2 komodo dragons (Lair:3)
  A tengu conjurer (D:13)
  An efreet (D:9)
  A rime drake (Lair:3)
  A freezing wraith (D:10)
  3 trolls
  2 hornets
  A hornet (shapeshifter) (D:12)
  5 polar bears
  11 blink frogs
  6 dream sheep
  2 slime creatures (D:14)
  A shadow (D:10)
  7 wraiths
  A vampire (D:13)
  26 yaks
  5 basilisks
  3 wyverns
  4 vampire mosquitoes (D:12)
  2 wargs (Orc:2)
  An acid dragon (D:11)
  22 water moccasins
  20 orc warriors
  An ice beast (D:6)
  3 sky beasts
  3 black bears
  22 ogres
  5 boggarts (D:13)
  9 centaurs
  21 wolves
  2 kobold brigands
  14 bullfrogs
  A gnoll sergeant (D:9)
  A scorpion (shapeshifter) (D:12)
  A water moccasin skeleton (D:6)
  8 killer bees
  2 howler monkeys
  3 electric eels
  A jelly (D:6)
  A centaur skeleton (D:7)
  A gnoll shaman (D:6)
  2 bullfrog skeletons
  4 hounds
  13 orc priests
  4 iguanas
  31 orc wizards
  A hound skeleton (D:4)
  A howler monkey zombie (D:6)
  Robin (D:2)
  17 gnolls
  5 adders
  2 shadow imps
  A white imp (D:7)
  An adder zombie (D:5)
  3 worms
  2 dart slugs
  85 orcs
  10 endoplasms
  13 goblins
  9 hobgoblins
  2 jackals (D:2)
  10 kobolds
  4 quokkas
  5 ball pythons
  4 bats
  A frilled lizard (D:2)
  7 rats
  A bush (Lair:1)
565 creatures vanquished.

Vanquished Creatures (collateral kills)
  A skeletal warrior (D:12)
  A manticore (D:12)
  A warg (Orc:1)
  An orc warrior (Orc:1)
  An ogre (Orc:1)
  2 orc wizards
  5 orcs
12 creatures vanquished.

Vanquished Creatures (others)
  14 fungi
  32 plants
46 creatures vanquished.

Grand Total: 623 creatures vanquished

Notes
Turn   | Place    | Note
-------+----------+-------------------------------------------
     0 | D:1      | a11behringer the Palentonga Berserker began the quest for
                  | the Orb.
     0 | D:1      | Reached XP level 1. HP: 19/19 MP: 1/1
   394 | D:1      | Reached XP level 2. HP: 25/25 MP: 2/2
  1409 | D:2      | Noticed Robin
  1429 | D:2      | Reached XP level 3. HP: 31/31 MP: 3/3
  1433 | D:2      | Reached skill level 4 in Maces & Flails
  1441 | D:2      | Reached ** piety under Trog
  1455 | D:2      | HP: 1/31 [Robin (3)]
  1456 | D:2      | Killed Robin
  1967 | D:2      | Reached XP level 4. HP: 30/37 MP: 4/4
  2928 | D:4      | Noticed a lemure
  2929 | D:4      | Noticed a lemure
  2929 | D:4      | Noticed a lemure
  2929 | D:4      | Noticed a lemure
  2929 | D:4      | Noticed Pikel
  2938 | D:4      | Noticed an ogre
  2984 | D:4      | Found Atsoull's Assorted Antiques.
  3009 | D:4      | Killed an ogre
  3010 | D:4      | Reached skill level 5 in Maces & Flails
  3010 | D:4      | Reached XP level 5. HP: 42/43 MP: 5/5
  3017 | D:4      | Found Zysi's General Store.
  3040 | D:4      | HP: 1/43 [orc (7)]
  3460 | D:4      | Killed Pikel
  3461 | D:4      | Reached skill level 6 in Maces & Flails
  3461 | D:4      | Reached skill level 1 in Stealth
  3461 | D:4      | Reached skill level 1 in Shields
  3461 | D:4      | Reached XP level 6. HP: 16/51 MP: 6/6
  3461 | D:4      | Gained mutation: You curl defensively after being hit. (AC
                  | +7*) [Palentonga growth]
  3461 | D:4      | Reached XP level 7. HP: 18/57 MP: 7/7
  3766 | D:4      | Found Oliedas's Book Emporium.
  3858 | D:4      | Found Quclieta's Antique Armour Shoppe.
  4117 | D:5      | Entered Level 5 of the Dungeon
  4195 | D:5      | Reached skill level 7 in Maces & Flails
  4419 | D:5      | Reached XP level 8. HP: 33/65 MP: 8/8
  5450 | D:6      | Reached *** piety under Trog
  5524 | D:6      | Reached skill level 8 in Maces & Flails
  5898 | D:6      | Found a burning altar of Makhleb.
  5898 | D:6      | Noticed a green death
  5902 | D:6      | Noticed a smoke demon
  5902 | D:6      | Noticed an orange demon
  6072 | D:6      | Reached skill level 5 in Fighting
  6118 | D:6      | Reached skill level 9 in Maces & Flails
  6352 | D:6      | Identified a scroll of acquirement
  6352 | D:6      | Acquired 1041 gold pieces
  6965 | D:7      | Reached XP level 9. HP: 71/72 MP: 9/9
  7082 | D:7      | Found a staircase to the Ecumenical Temple.
  7826 | D:8      | Reached skill level 10 in Maces & Flails
  7971 | D:8      | You fall into a shaft and drop 2 floors!
  7971 | D:10     | Entered Level 10 of the Dungeon
  7984 | D:10     | Noticed a catoblepas
  8225 | D:9      | Found a staircase to the Lair.
  8225 | D:9      | Noticed an efreet
  8237 | D:9      | Killed an efreet
  8366 | D:8      | Noticed Harold
  8377 | D:8      | Killed Harold
  8378 | D:8      | Reached skill level 11 in Maces & Flails
  8378 | D:8      | Reached XP level 10. HP: 60/82 MP: 10/10
  8571 | D:8      | Noticed a two-headed ogre
  8579 | D:8      | Killed a two-headed ogre
  8583 | D:8      | Reached skill level 5 in Shields
  8638 | D:8      | Reached skill level 5 in Dodging
  8740 | D:8      | Noticed a harpy
  8745 | D:8      | Killed a harpy
  8797 | D:8      | Gained mutation: You are frail. (-10% HP) [potion of
                  | mutation]
  8798 | D:8      | Lost mutation: You are frail. (-10% HP) [potion of
                  | mutation]
  8798 | D:8      | Gained mutation: You have sharp toenails. [potion of
                  | mutation]
  8798 | D:8      | Gained mutation: Your tail ends in a venomous barb. [potion
                  | of mutation]
  9423 | D:9      | Reached skill level 12 in Maces & Flails
  9935 | D:10     | Noticed a two-headed ogre
  9946 | D:10     | Killed a two-headed ogre
 10087 | D:10     | Found a runed translucent gate.
 10088 | D:10     | Found a runed translucent gate.
 10088 | D:10     | Found a runed translucent gate.
 10091 | D:10     | Noticed Pooter's ghost (journeyman MiMo)
 10208 | D:10     | Killed a catoblepas
 10209 | D:10     | Reached XP level 11. HP: 89/89 MP: 11/11
 10261 | D:10     | Noticed a two-headed ogre
 10274 | D:10     | Killed a two-headed ogre
 10780 | D:11     | Noticed a two-headed ogre
 10790 | D:11     | Killed a two-headed ogre
 10845 | D:11     | Found an iron altar of Okawaru.
 10862 | D:11     | Noticed Josephine
 10865 | D:11     | Noticed a two-headed ogre
 10872 | D:11     | Killed Josephine
 10873 | D:11     | Reached skill level 13 in Maces & Flails
 10896 | D:11     | Killed a two-headed ogre
 11585 | D:4      | Bought fine swamp dragon scales for 1650 gold pieces
 11585 | D:4      | Identified the +1 swamp dragon scales "Iwomn" {Fly rPois
                  | rC++ rN+ Slay-3} (You bought it in a shop on level 4 of the
                  | Dungeon)
 11829 | Lair:1   | Entered Level 1 of the Lair of Beasts
 12207 | Lair:1   | Noticed a five-headed hydra
 12217 | Lair:1   | Killed a five-headed hydra
 12521 | Lair:1   | Noticed an oklob plant
 12683 | Lair:1   | Killed an oklob plant
 12684 | Lair:1   | Reached XP level 12. HP: 52/100 MP: 12/12
 12984 | Lair:1   | Noticed a five-headed hydra
 12993 | Lair:1   | Killed a five-headed hydra
 13196 | Lair:2   | Noticed a six-headed hydra
 13203 | Lair:2   | Killed a six-headed hydra
 13411 | Lair:2   | Noticed a seven-headed hydra
 13421 | Lair:2   | Killed a seven-headed hydra
 13549 | Lair:2   | You fall into a shaft and drop 1 floor!
 14497 | Lair:2   | Reached skill level 14 in Maces & Flails
 14810 | Lair:3   | Noticed a five-headed hydra
 14815 | Lair:3   | Killed a five-headed hydra
 14953 | Lair:3   | Noticed a four-headed hydra
 14963 | Lair:3   | Killed a four-headed hydra
 15021 | Lair:3   | Reached **** piety under Trog
 15375 | Lair:3   | Reached XP level 13. HP: 108/108 MP: 13/13
 15655 | Lair:3   | Found a staircase to the Shoals.
 15784 | Lair:3   | Found a blossoming altar of Fedhas.
 17457 | Lair:4   | Reached skill level 10 in Fighting
 17598 | Lair:4   | Reached skill level 15 in Maces & Flails
 17830 | Lair:4   | Found a staircase to the Snake Pit.
 17947 | Lair:4   | Found a glowing silver altar of Zin.
 18973 | Lair:5   | Reached skill level 10 in Dodging
 19582 | Lair:5   | Identified the +5 dagger of Dememno {drain, Fly rPois
                  | rCorr}
 20211 | D:10     | Killed Pooter's ghost
 20849 | D:12     | Reached XP level 14. HP: 108/118 MP: 14/14
 21897 | D:12     | Found a staircase to the Orcish Mines.
 21930 | Orc:1    | Entered Level 1 of the Orcish Mines
 22168 | Orc:2    | Entered Level 2 of the Orcish Mines
 22340 | Orc:2    | Found a staircase to the Elven Halls.
 22554 | Orc:2    | Reached skill level 1 in Evocations
 22604 | Orc:2    | Reached skill level 10 in Shields
 23102 | Orc:1    | Noticed a stone giant
 23105 | Orc:1    | Found a bloodstained altar of Trog.
 23105 | Orc:1    | Found the necklace of Bloodlust {*Rage Will++ Int-3 Slay+6}
 23327 | Orc:1    | Noticed an orc warlord
 23351 | Orc:1    | Killed an orc warlord
 23352 | Orc:1    | Reached skill level 16 in Maces & Flails
 23352 | Orc:1    | Found a transporter.
 23601 | Orc:1    | Found a transporter.
 24024 | Orc:2    | Found Zirydogg's Antique Weapon Emporium.
 24024 | Orc:2    | Found Jeidgh's Antique Armour Boutique.
 24025 | Orc:2    | Found Calicwoi's Assorted Antiques.
 24025 | Orc:2    | Found Jihuj's Magic Scroll Emporium.
 24889 | D:4      | Bought a glowing plate armour for 780 gold pieces
 25156 | Orc:2    | Bought a potion of heal wounds for 150 gold pieces
 25157 | Orc:2    | Bought a scroll of identify for 36 gold pieces
 25157 | Orc:2    | Bought a scroll of enchant armour for 135 gold pieces
 25157 | Orc:2    | Bought a scroll of blinking for 135 gold pieces
 25314 | D:13     | Identified the +2 plate armour of the Trees {rCorr Stlth+}
 25606 | D:13     | Found Bugis's Antique Armour Emporium.
 26281 | D:13     | Reached XP level 15. HP: 59/128 MP: 15/15
 27291 | D:14     | HP: 5/128 [skeletal warrior[a death knight] (15)]
 27291 | D:14     | Mangled by a slime creature

Illustrated notes

Levels and vault maps discovered:
D:1:      dpeg_arrival_round_a, layout_basic
D:2:      layout_rooms, grunt_ministairs_2, minmay_strange_pillars, uniq_robin
D:3:      layout_rooms
D:4:      layout_rooms, serial_shops, nicolae_diamond_shop, shop_statue,
          nicolae_shop_trees, nicolae_shop_waterfront, minmay_misc_feat_rugged,
          grunt_ministairs_8, uniq_pikel
D:5:      layout_basic
D:6:      layout_basic, makhleb_altar_promises_db, hangedman_decor_opposing,
          st_stairs_9, uniq_grinder
D:7:      layout_loops_cross, minmay_temple_entry_glass
D:8:      layout_basic, amcnicky_mini_rare_corridor_liquid,
          kennysheep_island_fort, uniq_harold
D:9:      layout_roguey, lair_entry_dummy
D:10:     layout_loops_corners, gammafunk_ghost_spectres
D:11:     layout_small_grid, minmay_crystal_room, okawaru_metal_pillars_1_2,
          uniq_josephine
D:12:     minmay_the_grid_triangle_9x9_recursive_2
          [minmay_the_grid_triangle_9x9_prize_insulated,
          minmay_the_grid_triangle_9x9_negative_grid,
          minmay_the_grid_triangle_9x9_swiss_cheese,
          minmay_the_grid_triangle_9x9_corruption], layout_loops_ring,
          minmay_orc_entry_temple_small
D:13:     layout_basic, nicolae_stop_n_shop_2
D:14:     layout_long_grid, david_vaults_5, portal_ice_cave_entry_ugly_swarm,
          minmay_misc_feat_more_columns, st_stairs_4, vehumet_crystals
Lair:1:   layout_chaotic_city, minmay_lair_oklob_items, grunt_megastairs_5,
          lemuel_fruit_tree
Lair:2:   layout_gridlike, chequers_serial_rivers_small_3,
          infiniplex_staircase_pool_2, serial_bayou_shore_b
Lair:3:   nzn_winding_woodlands_stair_trap [nzn_winding_woodlands_5x15_default,
          nzn_winding_woodlands_5x15_eye, nzn_winding_woodlands_5x15_jagged,
          nzn_winding_woodlands_15x15_eel_pit,
          nzn_winding_woodlands_5x15_pathside_ponds,
          nzn_winding_woodlands_5x15_longhouse,
          nzn_winding_woodlands_5x15_sawtooth], layout_big_grid,
          elwin_shoals_entry_rocks, tgw_fedhas
Lair:4:   layout_roguey, minmay_snake_entry_six_corridors, basic_altar
Lair:5:   layout_loops_ring, serial_rivers, chequers_serial_rivers_micro_e,
          chequers_serial_rivers_micro_d, chequers_serial_rivers_room_a,
          chequers_serial_rivers_large_b, chequers_serial_rivers_micro_e,
          nicolae_quartered_pool_medium
Orc:1:    emtedronai_trogs_sanctum, layout_caves, basic_altar
Orc:2:    st_orc_ogre_mass, layout_diamond_mine, basic_altar,
          statue_in_the_mist_lemuel, nicolae_orc_bridge_out

Skill      XL: |  1  2  3  4  5  6  7  8  9 10 11 12 13 14 |
---------------+-------------------------------------------+-----
Maces & Flails | 4 5 6 7 9 11 12 13 14 15 16 | 16.3
Dodging        | 2 3 4 5 7 8 10 11 | 11.3
Fighting       | 4 5 6 7 8 9 10 12 | 12.1
Stealth        | 1 |  1.0
Shields        | 1 2 3 4 6 7 8 9 10 | 10.4
Armour         | 2 |  2.6
Evocations     | 3 |  3.7

Action                   |  1- 3 |  4- 6 |  7- 9 | 10-12 | 13-15 || total
-------------------------+-------+-------+-------+-------+-------++-------
Melee: Mace              |   105 |    72 |       |       |       ||   177
       Tailslap          |    11 |    15 |    61 |   120 |   223 ||   430
       Whip              |       |       |   468 |   607 |  1389 ||  2464
       Kick              |       |       |       |   203 |   478 ||   681
Invok: Berserk           |     1 |     2 |     6 |    13 |    14 ||    36
       Trog's Hand       |       |     3 |     7 |    10 |    12 ||    32
       Brothers in Arms  |       |       |       |       |     4 ||     4
 Abil: Rolling Charge    |       |       |     1 |     5 |     4 ||    10
  Use: Scroll            |       |     7 |    11 |     7 |    11 ||    36
       Potion            |       |       |       |     5 |     5 ||    10
 Stab: Sleeping          |       |       |     4 |     2 |       ||     6
       Distracted        |       |       |       |       |     2 ||     2
Armor: Animal skin       |    45 |    25 |     3 |       |       ||    73
       Chain mail        |       |       |    25 |       |       ||    25
       Robe              |       |       |   110 |   260 |   248 ||   618
       Swamp dragon scal |       |       |       |       |    83 ||    83
       Plate armour      |       |       |       |       |    21 ||    21
Dodge: Dodged            |    43 |    36 |   145 |   249 |   469 ||   942
Block: Buckler           |       |    12 |    95 |   172 |   391 ||   670

Table legend: (Time is in decaauts)
 A = Elapsed time spent in this place.
 B = Non-inter-level travel time spent in this place.
 C = Inter-level travel time spent in this place.
 D = Time resting spent in this place.
 E = Time spent auto-exploring this place.
 F = Levels seen in this place.
 G = Mean time per level.
                   A        B        C        D        E       F      G
               +--------+--------+--------+--------+--------+-----+--------+
         Total |  26567 |  23433 |   3134 |   2021 |  17930 |  21 | 1265.1 |
       Dungeon |  15894 |  13664 |   2230 |    768 |  10809 |  14 | 1135.3 |
          Lair |   7951 |   7461 |    490 |    933 |   5631 |   5 | 1590.2 |
  Orcish Mines |   2721 |   2307 |    414 |    320 |   1489 |   2 | 1360.5 |
               +--------+--------+--------+--------+--------+-----+--------+

Top non-repeatable levels by time:
  Lair:4: 1995 daAuts
  Lair:3: 1990 daAuts
    D:13: 1893 daAuts
     D:6: 1874 daAuts
  Lair:5: 1548 daAuts
     D:1: 1420 daAuts
   Orc:2: 1414 daAuts
    D:10: 1370 daAuts
  Lair:1: 1310 daAuts
   Orc:1: 1306 daAuts
     D:8: 1282 daAuts
    D:11: 1281 daAuts
     D:5: 1154 daAuts
  Lair:2: 1107 daAuts
    D:12: 1089 daAuts
